 Dungeon Crawl Stone Soup version 0.26-a0-639-g72c4674329 (webtiles) character file.

Game seed: 6968713032073424662

47120 rcw the Bludgeoner (level 14, -5/129 HPs)
             Began as a Minotaur Berserker on Sept 20, 2020.
             Was a High Priest of Trog.
             Killed by divine providence
             ... invoked by an orc priest
              (11 damage)
             ... on level 11 of the Dungeon on Sept 22, 2020.
             The game lasted 02:14:09 (25293 turns).

rcw the Bludgeoner (Minotaur Berserker)            Turns: 25293, Time: 02:14:10

Health: -5/129     AC: 23    Str: 25    XL:     14   Next: 7%
Magic:  4/4        EV: 12    Int:  7    God:    Trog [*****.]
Gold:   854        SH:  5    Dex: 12    Spells: 13/13 levels left

rFire    + . .     SeeInvis .   L - +8 great mace (antimagic)
rCold    x . .     Faith    .   (shield currently unavailable)
rNeg     . . .     Spirit   .   O - +4 plate armour {rPois}
rPois    +         Reflect  +   A - +1 hat {Int+3}
rElec    .         Harm     .   (no cloak)
rCorr    .         Rampage  .   q - +1 pair of gloves
MR       +....                  N - +0 pair of boots
Stlth    ..........             P - amulet of reflection
HPRegen  0.31/turn              i - ring of fire
MPRegen  0.09/turn              (no ring)

@: berserk cooldown, slowed, very slow
A: retaliatory headbutt, horns 2
a: Berserk, Trog's Hand, Brothers in Arms, Renounce Religion


You were on level 11 of the Dungeon.
You worshipped Trog.
Trog was extremely pleased with you.
You visited 2 branches of the dungeon, and saw 16 of its levels.
You also visited: Ossuary.

You collected 854 gold pieces.

Inventory:

Hand Weapons
 B - a +1 dire flail of holy wrath
 C - a +2 whip of draining
 D - a +0 whip of electrocution
 I - a +3 vorpal eveningstar
 L - a +8 antimagic great mace (weapon)
 R - a +4 great mace
Missiles
 h - 340 stones (quivered)
Armour
 g - a +2 buckler
 m - a +1 ring mail
 q - a +1 pair of gloves (worn)
 w - a +1 chain mail
 A - a +1 hat of intelligence (worn)
 N - a +0 pair of boots (worn)
 O - a +4 plate armour of poison resistance (worn)
Magical Staves
 b - an uncursed staff of death
 j - an uncursed staff of earth
Jewellery
 i - a ring of fire (left hand)
 P - an amulet of reflection (around neck)
Wands
 r - a wand of digging (11)
 E - a wand of random effects (46)
 M - a wand of enslavement (19)
 Q - a wand of paralysis (1)
 T - a wand of acid (6)
Scrolls
 f - 4 scrolls of teleportation
 o - 4 scrolls of identify
 y - 7 scrolls of remove curse
 H - 3 scrolls of magic mapping
 J - a scroll of fog
Potions
 a - 3 potions of heal wounds
 c - 2 potions of haste
 d - 3 potions of stabbing
 e - 4 potions of magic
 l - 3 potions of brilliance
 n - 2 potions of berserk rage
 p - 5 potions of ambrosia
 s - 2 potions of might
 u - 2 potions of flight
 v - 4 potions of degeneration
 x - 9 potions of curing
 z - 2 potions of lignification
 G - a potion of invisibility
 K - a potion of mutation


   Skills:
 * Level 13.2 Fighting
 * Level 19.3 Maces & Flails
 + Level 2.8 Throwing
 + Level 10.4 Armour
 * Level 10.5 Dodging
 + Level 1.5 Stealth
 + Level 5.4 Shields


You had 13 spell levels left.
You didn't know any spells.
Your spell library contained the following spells:

 Spells                   Type           Power        Failure   Level
 Apportation              Tloc           #.....       99%         1
 Lesser Beckoning         Tloc           #.........   100%        3
 Tukima's Dance           Hex            #.......     100%        3
 Alistair's Intoxication  Tmut/Pois      #........    100%        5
 Invisibility             Hex            #.......     100%        6


Dungeon Overview and Level Annotations

Branches:
Dungeon (15/15)            Temple (0/1) D:7             Orc (1/2) D:11
 Vaults (0/5) D:13         Depths (0/5) D:15        Ossuary (visited)
   Lair: D:8-11

Altars:
Cheibriados
Fedhas
Kikubaaqudgha
Okawaru
Qazlal
Ru
Xom
Zin
The Shining One

Shops:
D:9 }   D:15 !   Orc:1 [


Innate Abilities, Weirdness & Mutations

You reflexively headbutt those who attack you in melee.
You have a pair of horns on your head.


Message History

You kill the orc!
Trog accepts your kill.
The orc priest hits you but does no damage.
The orc wizard hits you but does no damage.
You block the troll's attack. The troll claws you but does no damage.
The troll barely misses you.
Your surroundings seem slightly different.
The orc priest looks satisfied for a moment.
The orc wizard begins to cast a cantrip, but forgets the words!
The orc priest invokes the aid of Beogh against you.
Beogh smites you!
* * * LOW HITPOINT WARNING * * *
The orc wizard casts a cantrip, but nothing happens.
The orc wizard gestures at you while chanting.
The puff of flame hits you but does no damage.
The orc wizard casts a cantrip, but nothing happens.
The orc priest begins to cast a cantrip, but forgets the words!
The orc priest invokes the aid of Beogh against you.
Beogh smites you!
You die...

#(...........##...............
#.............................
########.................[ยง...
#....##...........>....
#....##..............).
#..........o..........)
########................###...
#.............................
#............@o..T............
########...........##.........
#...........##....##...
#.................##...
#......................
#........#######....###
#.<####### #...## # #..#
#..##### #..# #.......


You could see a troll, an orc priest and an orc wizard (fast).

Vanquished Creatures
  Jorgrun (D:13)
  A fire dragon (D:14)
  Josephine (D:13)
  The ghost of Xoff the Blocker, a journeyman GnFi of Gozag (D:11)
  A catoblepas (D:10)
  2 centaur warriors
  2 ogre magi (D:15)
  11 two-headed ogres
  2 dancing weapons (D:13)
  2 unseen horrors
  Pikel (D:5)
  5 ugly things (D:15)
  2 deep elf magi (D:15)
  3 manticores
  A cyclops (D:15)
  A moth of wrath (shapeshifter) (D:15)
  5 centaur zombies
  3 gargoyles
  4 centaur skeletons
  3 yaktaurs (D:15)
  A queen bee (D:12)
  4 trolls
  3 meliai (D:12)
  Grinder (D:3)
  2 slime creatures (D:14)
  3 hornets
  3 hippogriffs
  7 wraiths
  26 yaks
  2 wyverns (D:14)
  A basilisk (D:15)
  A human (D:11)
  3 vampire mosquitoes
  Menkaure (D:5)
  A warg (Orc:1)
  A soldier ant (D:11)
  An acid dragon (D:14)
  Edmund (D:5)
  A soldier ant (shapeshifter) (D:14)
  Duvessa (D:7)
  6 ice beasts
  A black bear (D:7)
  2 eyes of draining
  9 orc warriors
  2 necrophages (D:9)
  2 sky beasts (D:5)
  11 ogres
  3 phantoms
  6 wolves (D:8)
  6 centaurs
  A crocodile (D:12)
  3 big kobolds
  2 lemures (D:5)
  8 bullfrogs
  Dowan (D:7)
  A water moccasin zombie (D:5)
  34 killer bees
  3 scorpions
  7 wights
  2 howler monkeys (D:14)
  4 crimson imps (D:5)
  A bullfrog zombie (D:13)
  A quasit (D:12)
  6 jellies
  11 orc priests
  4 hounds
  A human zombie (D:8)
  12 orc wizards
  A bullfrog skeleton (D:12)
  3 iguanas
  Natasha (thrice) (D:4)
  11 worker ants
  5 big kobold zombies (Ossuary)
  A killer bee zombie (D:10)
  A hound zombie (D:7)
  2 hound skeletons
  A mummy (Ossuary)
  11 gnolls
  15 adders
  A shadow imp (D:5)
  2 white imps
  An ufetubus (D:9)
  An adder zombie (D:8)
  5 adder skeletons
  4 worms
  A dart slug (D:2)
  6 leopard geckos
  48 orcs
  4 spectral bats (Ossuary)
  2 bats
  3 bat zombies (D:9)
  9 giant cockroaches
  11 goblins
  2 hobgoblins
  15 jackals
  26 kobolds
  6 quokkas
  2 ball pythons
  5 bat simulacra (Ossuary)
  2 frilled lizards
  8 gnoll zombies
  4 goblin simulacra (Ossuary)
  5 goblin zombies (Ossuary)
  5 hobgoblin zombies (Ossuary)
  3 kobold simulacra (Ossuary)
  4 kobold zombies (Ossuary)
  A leopard gecko zombie (D:7)
  5 orc zombies
  2 quokka skeletons
  6 rats
  3 rat simulacra (Ossuary)
  4 rat zombies (D:9)
  4 spectral goblins (Ossuary)
  2 spectral kobolds (Ossuary)
  4 spectral rats (Ossuary)
536 creatures vanquished.

Vanquished Creatures (collateral kills)
  Urug (D:13)
  2 slime creatures (D:14)
  A wizard (D:15)
  A naga mage (D:15)
  2 kobold demonologists (D:12)
  3 yaktaurs (D:15)
  A troll (D:10)
  A hornet (D:12)
  A hippogriff (D:10)
  A vampire mosquito (D:15)
  An orc warrior (D:10)
  A big kobold (D:12)
  A bullfrog (D:12)
  An orc (D:10)
  A kobold (D:12)
19 creatures vanquished.

Vanquished Creatures (others)
  An unseen horror (D:15)
  A bush (D:10)
2 creatures vanquished.

Grand Total: 557 creatures vanquished

Notes
Turn   | Place    | Note
-------+----------+-------------------------------------------
     0 | D:1      | rcw the Minotaur Berserker began the quest for the Orb.
     0 | D:1      | Reached XP level 1. HP: 19/19 MP: 0/0
   119 | D:1      | Reached skill level 4 in Maces & Flails
   119 | D:1      | Reached XP level 2. HP: 27/27 MP: 1/1
   495 | D:1      | Reached XP level 3. HP: 34/34 MP: 2/2
  1314 | D:2      | Reached skill level 5 in Maces & Flails
  1314 | D:2      | Reached XP level 4. HP: 41/41 MP: 3/3
  1472 | D:2      | Reached ** piety under Trog
  1490 | D:2      | Reached skill level 6 in Maces & Flails
  1490 | D:2      | Reached XP level 5. HP: 24/47 MP: 4/4
  1829 | D:2      | Found a sacrificial altar of Ru.
  1937 | D:2      | Found a faded altar of an unknown god.
  2607 | D:3      | Noticed Grinder
  2608 | D:3      | Paralysed by Grinder for 6 turns
  2622 | D:3      | Killed Grinder
  2622 | D:3      | Reached skill level 5 in Fighting
  2622 | D:3      | Reached skill level 7 in Maces & Flails
  2622 | D:3      | Reached XP level 6. HP: 56/56 MP: 5/5
  2784 | D:3      | Reached skill level 1 in Shields
  3038 | D:4      | Noticed Natasha
  3057 | D:4      | Killed Natasha
  3098 | D:4      | Noticed Natasha
  3102 | D:4      | Killed Natasha
  3146 | D:4      | Noticed Natasha
  3152 | D:4      | Killed Natasha
  3152 | D:4      | Reached XP level 7. HP: 61/61 MP: 6/6
  3222 | D:4      | Reached skill level 8 in Maces & Flails
  3222 | D:4      | Reached skill level 1 in Throwing
  4106 | D:4      | Reached *** piety under Trog
  4178 | D:5      | Entered Level 5 of the Dungeon
  4262 | D:5      | Reached skill level 9 in Maces & Flails
  4262 | D:5      | Reached XP level 8. HP: 58/70 MP: 7/7
  4437 | D:5      | Noticed Edmund
  4446 | D:5      | Killed Edmund
  4679 | D:5      | Reached skill level 10 in Maces & Flails
  4729 | D:5      | Noticed Pikel
  4742 | D:5      | Killed Pikel
  4815 | D:5      | Reached skill level 11 in Maces & Flails
  4815 | D:5      | Reached XP level 9. HP: 54/78 MP: 8/8
  5137 | D:5      | Found a shimmering altar of Xom.
  5215 | D:5      | Noticed Menkaure
  5224 | D:5      | Killed Menkaure
  5224 | D:5      | Reached skill level 5 in Dodging
  5397 | D:5      | Found a glowing silver altar of Zin.
  6208 | D:6      | Found an iron altar of Okawaru.
  6532 | D:6      | Reached **** piety under Trog
  6931 | D:6      | Found a glowing golden altar of the Shining One.
  7171 | D:6      | Reached skill level 12 in Maces & Flails
  7171 | D:6      | Reached skill level 5 in Armour
  7557 | D:6      | Paralysed by an orc warrior for 6 turns
  7580 | D:6      | Paralysed by an orc warrior for 5 turns
  8143 | D:7      | Reached skill level 1 in Stealth
  8324 | D:7      | Noticed Duvessa
  8326 | D:7      | Noticed Dowan
  8345 | D:7      | Killed Duvessa
  8348 | D:7      | Killed Dowan
  8713 | D:7      | Found a staircase to the Ecumenical Temple.
  8747 | D:7      | Reached XP level 10. HP: 82/88 MP: 9/9
  9119 | D:7      | Found a snail-covered altar of Cheibriados.
  9320 | D:8      | Found a sand-covered staircase.
  9335 | Ossuary  | Entered an ossuary
  9347 | Ossuary  | Reached ***** piety under Trog
  9826 | D:8      | Reached skill level 13 in Maces & Flails
 10393 | D:8      | Received a gift from Trog
 10476 | D:8      | Found a stormy altar of Qazlal.
 11055 | D:9      | Found a snail-covered altar of Cheibriados.
 11126 | D:9      | Found an ancient bone altar of Kikubaaqudgha.
 11690 | D:9      | Found Lodob's Gadget Boutique.
 11702 | D:9      | Reached skill level 14 in Maces & Flails
 12110 | D:9      | Reached XP level 11. HP: 97/97 MP: 3/10
 12404 | D:9      | Noticed a two-headed ogre
 12409 | D:9      | Killed a two-headed ogre
 12771 | D:9      | Received a gift from Trog
 12777 | D:9      | Reached skill level 10 in Fighting
 12866 | D:9      | Reached skill level 15 in Maces & Flails
 12879 | D:9      | Paralysed by a hornet for 2 turns
 13133 | D:10     | Entered Level 10 of the Dungeon
 13340 | D:10     | Noticed a two-headed ogre
 13346 | D:10     | Killed a two-headed ogre
 13577 | D:10     | Noticed a two-headed ogre
 13588 | D:10     | Killed a two-headed ogre
 14265 | D:10     | Noticed a catoblepas
 14275 | D:10     | Killed a catoblepas
 14475 | D:11     | Found a runed translucent gate.
 14475 | D:11     | Found a runed translucent gate.
 14475 | D:11     | Found a runed translucent gate.
 14475 | D:11     | Noticed Xoff's ghost (journeyman GnFi)
 14486 | D:11     | Killed Xoff's ghost
 14486 | D:11     | Reached skill level 16 in Maces & Flails
 14831 | D:11     | Noticed a two-headed ogre
 15259 | D:11     | Killed a two-headed ogre
 15259 | D:11     | Reached XP level 12. HP: 95/108 MP: 3/11
 15740 | D:11     | Found a staircase to the Orcish Mines.
 17716 | D:12     | Reached skill level 17 in Maces & Flails
 17981 | D:13     | Noticed Jorgrun
 18205 | D:13     | Noticed Josephine
 18779 | D:13     | Killed Jorgrun
 19109 | D:13     | Found a gate to the Vaults.
 19257 | D:13     | Killed Josephine
 19568 | D:13     | Reached XP level 13. HP: 117/117 MP: 4/12
 19657 | D:13     | Noticed Urug
 19665 | D:13     | Killed Urug
 19925 | D:14     | Received a gift from Trog
 20000 | D:14     | Reached skill level 18 in Maces & Flails
 21050 | D:14     | Reached skill level 5 in Shields
 21092 | D:14     | Noticed a fire dragon
 21098 | D:14     | Killed a fire dragon
 21370 | D:15     | Entered Level 15 of the Dungeon
 21474 | D:15     | Found a blossoming altar of Fedhas.
 22682 | D:15     | Reached skill level 10 in Armour
 22683 | D:15     | Reached skill level 10 in Dodging
 23022 | D:15     | Reached skill level 19 in Maces & Flails
 23079 | D:15     | Found Nehium's Distillery.
 24439 | D:15     | Reached XP level 14. HP: 103/129 MP: 4/13
 24680 | D:15     | Found a staircase to the Depths.
 25249 | Orc:1    | Entered Level 1 of the Orcish Mines
 25249 | Orc:1    | Found Xisess's Armour Boutique.
 25288 | D:11     | HP: 3/129 [orc priest/divine providence (8)]
 25293 | D:11     | Killed from afar by an orc priest

Illustrated notes

Levels and vault maps discovered:
D:1:      onia_arrival_mini_spirals, layout_rooms, minmay_misc_feat_tiny,
          st_stairs_8
D:2:      layout_basic, lemuel_doored_altar, chequers_ecumenical_altar_simple
D:3:      layout_rooms, minmay_vboxes, uniq_grinder
D:4:      layout_cave_pools, kennysheep_generic_room_9, uniq_natasha
D:5:      layout_basic, led_xom_imps, zin_scriptorium, uniq_menkaure,
          uniq_edmund, uniq_pikel
D:6:      layout_basic, kennysheep_okawaru_gauntlet, kennysheep_mini_moat,
          minmay_misc_feat_room, kennysheep_big_empty_room,
          hangedman_decor_points
D:7:      layout_basic, slow_altar_2, minmay_temple_entry_ruins, uniq_duvessa
D:8:      layout_layer_cave, grunt_qazlal_clouds, erik_lair_island,
          enter_ossuary_3
D:9:      layout_roguey, lemuel_zombie_altar_kikubaaqudgha, basic_altar,
          serial_shops, shop, kennysheep_generic_room_5
D:10:     layout_long_grid, kb_lookout_dungeons_type,
          hangedman_abyss_or_decor_clamps, hangedman_decor_growths
D:11:     layout_small_grid, erik_orc_4, ebering_ghost_rock_garden,
          grunt_ministairs_15, kennysheep_donut
D:12:     layout_roguey [special_room_bee]
D:13:     layout_small_grid, erik_vaults_1, uniq_jorgrun, uniq_josephine,
          uniq_urug
D:14:     layout_loops_ring, dk_noncrumbling_2, minivault_25
D:15:     grunt_enter_depths_magical_seal, layout_gridville,
          grunt_decor_arrowhead, serial_shops, shop, fedhas_altar_1
Orc:1:    layout_caves, serial_shops, shop

Skill      XL: |  1  2  3  4  5  6  7  8  9 10 11 12 13 |
---------------+----------------------------------------+-----
Maces & Flails | 4 5 6 7 9 11 12 14 16 17 19 | 19.3
Fighting       | 4 5 6 8 9 10 11 13 | 13.2
Dodging        | 3 4 6 7 8 9 10 | 10.5
Shields        | 1 2 3 4 5 |  5.4
Armour         | 3 4 5 6 8 9 10 | 10.4
Throwing       | 1 2 |  2.8
Stealth        | 1 |  1.5

Action                   |  1- 3 |  4- 6 |  7- 9 | 10-12 | 13-15 || total
-------------------------+-------+-------+-------+-------+-------++-------
Melee: Mace              |    56 |   113 |   197 |       |       ||   366
       Headbutt          |     2 |    13 |    77 |   113 |    48 ||   253
       Flail             |       |       |   141 |   179 |       ||   320
       Great mace        |       |       |       |   443 |   211 ||   654
       Eveningstar       |       |       |       |    13 |       ||    13
Throw: Stone             |       |    38 |    29 |    16 |    10 ||    93
Invok: Berserk           |     3 |     6 |    18 |    24 |    13 ||    64
       Trog's Hand       |       |       |       |     2 |       ||     2
       Brothers in Arms  |       |       |       |     3 |     6 ||     9
Evoke: Wand              |       |       |     1 |       |       ||     1
  Use: Scroll            |     3 |     4 |    11 |    18 |    10 ||    46
       Potion            |       |       |       |     2 |     6 ||     8
Armor: Animal skin       |    10 |     1 |       |       |       ||    11
       Ring mail         |       |    13 |       |       |       ||    13
       Chain mail        |       |    11 |    56 |       |       ||    67
       Plate armour      |       |       |    82 |   407 |   176 ||   665
Dodge: Dodged            |    24 |    49 |   120 |   338 |   150 ||   681
Block: Buckler           |     6 |    33 |    82 |    40 |       ||   161
       Other             |       |       |       |    75 |    59 ||   134
       Reflection        |       |       |       |     5 |     4 ||     9

Table legend: (Time is in decaauts)
 A = Elapsed time spent in this place.
 B = Non-inter-level travel time spent in this place.
 C = Inter-level travel time spent in this place.
 D = Time resting spent in this place.
 E = Time spent auto-exploring this place.
 F = Levels seen in this place.
 G = Mean time per level.
                   A        B        C        D        E       F      G
               +--------+--------+--------+--------+--------+-----+--------+
         Total |  25726 |  25726 |      0 |  12730 |   2396 |  17 | 1513.3 |
       Dungeon |  25271 |  25271 |      0 |  12730 |   2396 |  15 | 1684.7 |
  Orcish Mines |     32 |     32 |      0 |      0 |      0 |   1 |   32.0 |
       Ossuary |    422 |    422 |      0 |      0 |      0 |   1 |  422.0 |
               +--------+--------+--------+--------+--------+-----+--------+

Top non-repeatable levels by time:
    D:14: 3090 daAuts
    D:12: 2997 daAuts
    D:15: 2089 daAuts
     D:5: 2055 daAuts
     D:9: 1979 daAuts
     D:6: 1958 daAuts
    D:10: 1775 daAuts
     D:2: 1509 daAuts
     D:8: 1499 daAuts
     D:4: 1199 daAuts
    D:13: 1175 daAuts
    D:11: 1173 daAuts
     D:7: 1160 daAuts
     D:3: 846 daAuts
     D:1: 760 daAuts
